 Dungeon Crawl Stone Soup version 0.26-a0-1191-ge2a0e31ab3 (webtiles) character file.

Game seed: 7247430029903879566

299 frontbutt the Shield-Bearer (level 6, -2/52 HPs)
             Began as a Ghoul Fighter on Dec 28, 2020.
             Was an Initiate of Makhleb.
             Killed by divine providence
             ... invoked by an orc priest
              (12 damage)
             ... on level 4 of the Dungeon.
             The game lasted 00:10:03 (2702 turns).

frontbutt the Shield-Bearer (Ghoul Fighter)         Turns: 2702, Time: 00:10:04

Health: -2/52      AC: 12    Str: 22    XL:     6   Next: 36%
Magic:  5/5        EV:  5    Int:  3    God:    Makhleb [......]
Gold:   94         SH:  9    Dex:  8    Spells: 5/5 levels left

rFire    . . .     SeeInvis .   a - +1 war axe
rCold    + . .     Faith    .   c - +0 kite shield
rNeg     + + +     Spirit   .   s - +0 chain mail
rPois    ∞         Reflect  .   (no helmet)
rElec    .         Harm     .   (no cloak)
rCorr    .         Rampage  .   (no gloves)
Will     .....                  q - +2 pair of boots
Stlth    ..........             r - amulet of regeneration
HPRegen  0.00/turn              (no ring)
MPRegen  0.09/turn              (no ring)

@: no status effects
A: claws 1, cold resistance 1, negative energy resistance 3, inhibited
regeneration, torment resistance, unbreathing
a: Renounce Religion


You were on level 4 of the Dungeon.
You worshipped Makhleb.
Makhleb was noncommittal.
You visited 2 branches of the dungeon, and saw 5 of its levels.

You collected 94 gold pieces.

Inventory:

Hand Weapons
 a - a +1 war axe (weapon)
 l - a cursed -2 hand axe
Armour
 c - a +0 kite shield (worn)
 q - a +2 pair of boots (worn)
 s - a +0 chain mail (worn)
Jewellery
 r - an amulet of regeneration (around neck)
Scrolls
 e - a scroll of magic mapping
 f - 2 scrolls of teleportation
 k - a scroll of fog
 m - 3 scrolls of fear
 t - a scroll of remove curse
Potions
 b - a potion of lignification {unknown}
 d - a potion of might
 g - 2 potions of degeneration
 h - 2 potions of curing {unknown}
 i - a potion of magic {unknown}
 j - a potion of resistance {unknown}


   Skills:
 - Level 3.9 Fighting
 * Level 4.4 Axes
 - Level 2.6 Armour
 * Level 4.4 Shields


You had 5 spell levels left.
You didn't know any spells.
Your spell library contained the following spells:

 Spells                   Type           Power        Failure   Level
 Magic Dart               Conj           0%           100%        1
 Searing Ray              Conj           0%           100%        2
 Dazzling Flash           Conj/Hex       0%           100%        3
 Fulminant Prism          Conj/Hex       0%           100%        4
 Iskenderun's Mystic Bla  Conj/Tloc      0%           100%        4


Dungeon Overview and Level Annotations

Branches:
Dungeon (4/15)             Temple (1/1) D:4

Altars:
Ashenzari
Cheibriados
Dithmenos
Elyvilon
Fedhas
Hepliaklqana
Kikubaaqudgha
Makhleb
Nemelex Xobeh
Okawaru
Qazlal
Sif Muna
Trog
Vehumet
Wu Jian
Xom
Yredelemnul
Zin
The Shining One

Annotations:
D:4 Edmund


Innate Abilities, Weirdness & Mutations

You thrive by killing the living.
You are immune to poison.
You have sharp fingernails.
Your flesh is cold resistant. (rC+)
You are immune to negative energy. (rN+++)
You do not regenerate when monsters are visible.
You are immune to unholy pain and torment.
You can survive without breathing.


Message History

You slash the hound!
You kill the hound!
Makhleb accepts your kill.
You feel better.
You slash the orc priest! You hit the quokka. You hit the howler monkey.
The orc priest hits you but does no damage.
The quokka barely misses you.
The howler monkey hits you but does no damage.
The orc priest calls down the wrath of Beogh upon you.
Beogh smites you!
* * * LOW HITPOINT WARNING * * *
The howler monkey hits you.
* * * LOW HITPOINT WARNING * * *
The quokka bites you.
* * * LOW HITPOINT WARNING * * *
The quokka twitches its whiskers.
The howler monkey hoots and howls with incredible vigour!
The orc priest invokes the aid of Beogh against you.
Beogh smites you!
You die...

..................# ......
##...........##..##.
......###............#..##..
...................##.......
............8.8.8...........
............⌠.⌠.⌠...........
#....................##...
..#...))†.....>........ ##..
......@?o.r@..........###...
......†...h...........##..##
).....#.....................
...##.................#.....
.. #..........÷.......####..
. ...............)..### ###
.#................#
..##.............###
.....#....##


You could see Edmund, a howler monkey, an orc priest and a quokka.

Vanquished Creatures
  2 hounds (D:4)
  An orc priest (D:4)
  A worker ant (D:4)
  A hound skeleton (D:4)
  7 adders
  A white imp (D:3)
  2 oozes
  An adder zombie (D:2)
  3 worms (D:2)
  2 dart slugs (D:1)
  3 leopard geckos
  7 orcs
  A ball python (D:3)
  8 bats
  4 giant cockroaches
  8 goblins
  7 hobgoblins
  4 jackals (D:4)
  3 kobolds
  5 frilled lizards
  5 rats
76 creatures vanquished.

Vanquished Creatures (others)
  3 fungi (D:4)
  A plant (D:4)
4 creatures vanquished.

Grand Total: 80 creatures vanquished

Notes
Turn   | Place    | Note
-------+----------+-------------------------------------------
     0 | D:1      | frontbutt the Ghoul Fighter began the quest for the Orb.
     0 | D:1      | Reached XP level 1. HP: 19/19 MP: 0/0
    86 | D:1      | Reached XP level 2. HP: 26/26 MP: 1/1
   211 | D:1      | Reached XP level 3. HP: 15/31 MP: 2/2
   828 | D:2      | Reached XP level 4. HP: 23/40 MP: 3/3
  1673 | D:2      | Found a sparkling altar of Nemelex Xobeh.
  1981 | D:3      | Reached XP level 5. HP: 44/46 MP: 4/4
  2369 | D:4      | Found a blossoming altar of Fedhas.
  2436 | D:4      | Found a staircase to the Ecumenical Temple.
  2454 | D:4      | Reached XP level 6. HP: 52/52 MP: 5/5
  2461 | Temple   | Entered the Ecumenical Temple
  2658 | Temple   | Became a worshipper of Makhleb the Destroyer
  2696 | D:4      | Noticed Edmund
  2702 | D:4      | Killed from afar by an orc priest

Illustrated notes

Levels and vault maps discovered:
D:1:      ncdulo_halloftheorcs, layout_rooms, hangedman_decor_push,
          chequers_mini_garden, corexii_corridor_pit
D:2:      layout_basic, nemelex_dance_club_becter
D:3:      layout_rooms
D:4:      layout_cave_pools, minmay_temple_entry_drinking_statues,
          fedhas_altar_3, uniq_edmund
Temple:   eino_narrow_crystal_temple

Skill      XL: |  1  2  3  4  5 |
---------------+----------------+-----
Axes           | 2 3 4 |  4.4
Shields        | 3 4 |  4.4
Fighting       | |  3.9
Armour         | |  2.6

Action                   |  1- 3 |  4- 6 || total
-------------------------+-------+-------++-------
Melee: War axe           |   102 |   183 ||   285
  Use: Scroll            |       |    10 ||    10
Armor: Scale mail        |    44 |    54 ||    98
       Chain mail        |       |    69 ||    69
Dodge: Dodged            |    39 |    55 ||    94
Block: Kite shield       |    47 |   110 ||   157

Table legend: (Time is in decaauts)
 A = Elapsed time spent in this place.
 B = Non-inter-level travel time spent in this place.
 C = Inter-level travel time spent in this place.
 D = Time resting spent in this place.
 E = Time spent auto-exploring this place.
 F = Levels seen in this place.
 G = Mean time per level.
                   A        B        C        D        E       F      G
               +--------+--------+--------+--------+--------+-----+--------+
         Total |   2822 |   2787 |     35 |    649 |   1126 |   5 |  564.4 |
       Dungeon |   2610 |   2575 |     35 |    649 |    955 |   4 |  652.5 |
        Temple |    212 |    212 |      0 |      0 |    171 |   1 |  212.0 |
               +--------+--------+--------+--------+--------+-----+--------+

Top non-repeatable levels by time:
     D:2: 1304 daAuts
     D:1: 550 daAuts
     D:3: 532 daAuts
     D:4: 221 daAuts
  Temple: 212 daAuts
